Cogmind - Beta 9.6 @@@ ROGUE MODE // 2020.06.22 @ 13:44:30 Player: Demise Result: Destroyed by YI-UF0 with YI-UF0's Doublenader Performance ------------- Evolutions (0) 0 Regions Visited (2) 400 Robots Destroyed (18) 90 Value Destroyed (215) 215 Prototype IDs (0) 0 Alien Tech Used (0) 0 Bonus (0) 0 TOTAL SCORE: 705 Bonus ------- None Cogmind --------- Core Integrity 0/250 Matter 272/300 Energy 48/125 System Corruption 2% Temperature Cool (0) Movement Core (950) Ox18 Location -10/Mines Parts ------- > --- POWER (1) -------- Light Ion Engine > --- PROPULSION (2) --- (None) > --- UTILITY (2) ------ Large Storage Unit High-capacity Storage Unit > --- WEAPON (2) ------- EM Pulse Gun Assault Rifle > --- INVENTORY (18) --- Light Treads Light Treads Wheel Large Storage Unit High-capacity Matter Pod (200) Signal Interpreter Improved Terrain Scanner Seismic Analyzer Targeting Computer Light Armor Plating EM Pulse Gun EM Pulse Gun Assault Rifle Grenade Launcher Peak State ------------ > --- POWER ------------ Ion Engine > --- PROPULSION ------- Wheel Wheel > --- UTILITY ---------- Large Storage Unit Improved Terrain Scanner > --- WEAPON ----------- EM Pulse Gun Light Assault Rifle > --- INVENTORY -------- Light Ion Engine Light Treads Light Treads Wheel Medium Storage Unit Large Storage Unit Medium Matter Pod High-capacity Matter Pod Signal Interpreter Seismic Analyzer [Rating: 9] Favorites ----------- Power Ion Engine Engine Ion Engine Propulsion Wheel Leg Aluminum Leg Wheel Wheel Utility Large Storage Unit Device Improved Terrain Scanner Storage Large Storage Unit Weapon EM Pulse Gun Energy Gun EM Pulse Gun Ballistic Gun Light Assault Rifle Build | -11 -10 -10 ------- Run | Scr Mat Min Slots Evolved . | . . . Power . | . . . Propulsion . | . . . Utility . | . . . Weapon . | . . . Parts Attached 16 | 4 7 5 Power 1 | . . 1 Engine 1 | . . 1 Core . | . . . Reactor . | . . . Propulsion 4 | 2 2 . Treads . | . . . Leg . | . . . Wheel 4 | 2 2 . Hover . | . . . Flight . | . . . Utility 4 | 1 2 1 Device 1 | 1 . . Storage 3 | . 2 1 Processor . | . . . Hackware . | . . . Protection . | . . . Artifact . | . . . Weapon 7 | 1 3 3 Energy Gun 5 | 1 2 2 Energy Cannon . | . . . Ballistic Gun 2 | . 1 1 Ballistic Cannon . | . . . Launcher . | . . . Special Weapon . | . . . Impact Weapon . | . . . Slashing Weapon . | . . . Piercing Weapon . | . . . Special Melee Weapon . | . . . Unidentified Prototypes . | . . . Parts Lost 6 | . 1 5 Power 1 | . . 1 Propulsion 2 | . . 2 Utility . | . . . Weapon 3 | . 1 2 Highest Loss Streak 5 | . 1 5 Average Slot Usage (%) 99 | . 99 100 Engine 14 | . 14 14 Wheel 27 | . 27 28 Device 9 | . 10 . Storage 18 | . 17 28 Energy Gun 16 | . 15 28 Ballistic Gun 11 | . 12 . Naked Turns . | . . . Heaviest Build 57 | 13 41 57 Greatest Support 20 | 20 20 20 Greatest Overweight (x) 4 | 1 2 4 Average Overweight (x) . | . . 2 Largest Inventory Capacity 18 | 6 16 18 Average Capacity 9 | 6 10 17 Most Carried 17 | 6 16 17 Average Carried 9 | 5 9 16 Final Capacity 18 | 6 16 18 Final Carried 16 | 6 16 14 Class Distribution -------------------- 100% | Mutant Dominant Class ---------------- Mutant | -10/Materials Mutant | -10/Mines Resources | -11 -10 -10 ----------- Run | Scr Mat Min Matter Collected 685 | 363 302 20 Remotely . | . . . Salvage Created 538 | 227 311 . Parts 35 | 16 19 . Haulers Intercepted 2 | . 2 . Recyclers Shooed . | . . . Parts Field Recycled . | . . . Retrieved Matter . | . . . Parts Self-Destructed . | . . . Prevented . | . . . Kills | -11 -10 -10 ------- Run | Scr Mat Min Combat Hostiles Destroyed 7 | . 6 1 Guns 7 | . 6 1 Classes Destroyed 7 | 3 4 . Worker 2 | 2 . . Tunneler 5 | 5 . . Hauler 2 | . 2 . Recycler 1 | 1 . . Watcher 1 | . 1 . Swarmer 4 | . 3 1 Grunt 3 | . 3 . Best Kill Streak 4 | 4 3 1 Combat Bots Only 3 | . 3 1 Max Kills in Single Turn 1 | 1 1 1 Gunslinging . | . . . Exploded . | . . . Melee . | . . . Uniques/NPCs Destroyed . | . . . Combat | -11 -10 -10 -------- Run | Scr Mat Min Damage Taken 724 | . 414 310 Core 250 | . 156 94 Absorbed by Shields . | . . . Core Remaining (%) 100 | 100 . . Volleys Fired 62 | 23 37 2 Largest 2 | 2 2 2 Hottest 80 | 60 80 80 Shots Fired 119 | 42 73 4 Gun 119 | 42 73 4 Cannon . | . . . Launcher . | . . . Special . | . . . Kinetic 59 | 23 35 1 Thermal 17 | 17 . . Explosive . | . . . Electromagnetic 43 | 2 38 3 Robot Hit Streak 9 | 9 9 2 Robot Miss Streak 4 | 2 4 2 Penetration Max . | . . . Secondary Targets 2 | . 2 . Max Gunslinging Chain 1 | . 1 . Shots Hit Robots 70 | 26 42 2 Core Hits 27 | 10 16 1 Critical Hits . | . . . Critical Kills . | . . . Critical Parts Destroyed . | . . . Melee Attacks . | . . . Impact . | . . . Slashing . | . . . Piercing . | . . . Sneak Attacks . | . . . Combat Hostiles . | . . . Follow-up Attacks . | . . . Damage Inflicted 864 | 278 565 21 Guns 768 | 278 469 21 Cannons . | . . . Explosions 96 | . 96 . Melee . | . . . Ramming . | . . . Kinetic 224 | 103 110 11 Thermal 258 | 162 96 . Explosive . | . . . Electromagnetic 382 | 13 359 10 Impact . | . . . Slashing . | . . . Piercing . | . . . Highest Corruption 2 | . 2 2 Average Corruption 2 | . 2 2 Corruption Purged . | . . . Effects 5 | . 5 . Message Errors 2 | . 2 . Energy Discharges 1 | . 1 . Data Loss (minor) 2 | . 2 . Overload Shots . | . . . Overflow Damage 23 | . 23 . Projectiles . | . . . Explosions 23 | . 23 . Melee . | . . . Knockbacks . | . . . Impact . | . . . Kinetic . | . . . Secondary . | . . . Self-Inflicted Damage 54 | . 54 . Shots 1 | . 1 . Rammed . | . . . Targets Rammed . | . . . Kicked . | . . . Crushed . | . . . Highest Temperature 148 | 40 148 8 Average Temperature 37 | 19 45 7 Received Heat Transfer 177 | . 177 . Siege Activations . | . . . Robots Corrupted . | . . . Combat Hostiles . | . . . Parts Fried . | . . . Impact Corruptions . | . . . Robots Melted . | . . . Combat Hostiles . | . . . Parts Melted . | . . . Heat Transferred 475 | 375 100 . Parts Sabotaged . | . . . Parts Stolen . | . . . Parts Stripped . | . . . Power Chain Reactions 2 | . 2 . Missiles Intercepted . | . . . Alert | -11 -10 -10 ------- Run | Scr Mat Min Peak Influence 290 | 40 290 63 Average Influence 131 | 23 175 57 Maximum Alert Level 1 | . 1 . Low Security (%) 61 | 100 43 100 Level 1 38 | . 56 . Level 2 . | . . . Level 3 . | . . . Level 4 . | . . . Level 5 . | . . . High Security . | . . . Max Security . | . . . Squads Dispatched 2 | . 2 . Investigation 1 | . 1 . Extermination . | . . . Reinforcement 1 | . 1 . Assault . | . . . Garrison . | . . . Intercept . | . . . Construction Impeded . | . . . Haulers Reinforced . | . . . Stealth | -11 -10 -10 --------- Run | Scr Mat Min Distress Signals . | . . . Communications Jammed . | . . . Distress Signals . | . . . Times Spotted 23 | . 20 3 Peak Tracking Total 5 | . 5 2 Tactical Retreats 2 | . 2 . Traps | -11 -10 -10 ------- Run | Scr Mat Min Traps Triggered 1 | . 1 . Indirectly . | . . . Trap Hack Attempts . | . . . Triggered . | . . . Disarmed . | . . . Reprogrammed . | . . . Reused . | . . . Traps Extracted . | . . . Installed . | . . . Triggered . | . . . Machines | -11 -10 -10 ---------- Run | Scr Mat Min Machines Disabled 1 | . 1 . Max in Single Turn 1 | . 1 . Machines Sabotaged . | . . . Garrisons Compromised . | . . . Overloaded Fab Kills . | . . . Fab Network Shutdowns . | . . . Hacking | -11 -10 -10 --------- Run | Scr Mat Min Machines Accessed 8 | . 8 . Terminals 6 | . 6 . Fabricators . | . . . Repair Stations 1 | . 1 . Recycling Units 1 | . 1 . Scanalyzers . | . . . Garrison Access . | . . . Total Hacks 29 | . 29 . Successful 16 | . 16 . Failed 13 | . 13 . Catastrophic . | . . . Database Lockouts . | . . . Manual 19 | . 19 . Terminals 25 | . 25 . Fabricators . | . . . Repair Stations 3 | . 3 . Recycling Units 1 | . 1 . Scanalyzers . | . . . Garrison Access . | . . . Terminal Hacks 3 | . 3 . Part Schematic 3 | . 3 . Fabricator Hacks . | . . . Repair Station Hacks 2 | . 2 . Scan Component 1 | . 1 . Repair 1 | . 1 . Recycling Unit Hacks . | . . . Scanalyzer . | . . . Garrison Access Hacks . | . . . Unauthorized Hacks 11 | . 11 . Terminals 10 | . 10 . Track 4 | . 4 . Botnet 5 | . 5 . Operators 1 | . 1 . Fabricators . | . . . Repair Stations . | . . . Recycling Units 1 | . 1 . Tunnel 1 | . 1 . Scanalyzers . | . . . Garrison Access . | . . . Data Cores Recovered . | . . . Used . | . . . Hacking Detections 7 | . 7 . Full Trace Events . | . . . Feedback Events . | . . . Feedback Blocked . | . . . Robot Schematics Acquired . | . . . Robots Built . | . . . Matter . | . . . Time . | . . . Total Robot Build Rating . | . . . Part Schematics Acquired 3 | . 3 . Parts Built . | . . . Matter . | . . . Time . | . . . Total Part Build Rating . | . . . Parts Repaired 1 | . 1 . Time 26 | . 26 . Parts Recycled . | . . . Recycled Matter . | . . . Retrieved Matter . | . . . Retrieved Components . | . . . Parts Scanalyzed . | . . . Part Schematics Acquired . | . . . Parts Damaged . | . . . Bothacking | -11 -10 -10 ------------ Run | Scr Mat Min Used RIF Installer . | . . . Robots Hacked . | . . . Non-combat . | . . . Combat . | . . . Robot Hacks Applied . | . . . Relay Couplers Released . | . . . Robots Rewired . | . . . Allies Hacked . | . . . Hacks Repelled . | . . . Allies | -11 -10 -10 -------- Run | Scr Mat Min Total Allies . | . . . Largest Group . | . . . Highest-Rated Group . | . . . Highest-Rated Ally . | . . . Total Orders . | . . . Ally Attacks . | . . . Total Damage . | . . . Kills . | . . . Allies Corrupted . | . . . Allies Melted . | . . . Intel | -11 -10 -10 ------- Run | Scr Mat Min Robot Analysis Total . | . . . Derelict Logs Recovered . | . . . Drone Launches . | . . . Drone Recoveries . | . . . Exploration | -11 -10 -10 ------------- Run | Scr Mat Min Turns Passed 668 | 153 464 51 Spaces Moved 472 | 95 345 32 Core . | . . . Treads . | . . . Legs 13 | 13 . . Wheels 459 | 82 345 32 Hover . | . . . Flight . | . . . Fastest Speed 80 | 80 80 100 Average Speed 88 | 85 87 100 Slowest Speed 120 | 120 100 120 Overloaded Moves . | . . . Propulsion Burnouts . | . . . Robots Hopped . | . . . Cave-ins Triggered . | . . . Exploration Rate (%) 28 | 3 67 14 Regions Visited 2 Branch Regions 1 Pre-discovered Areas 1 | . 1 . Known Exits Taken . | . . . Unknown Exits Taken 2 | 1 1 . Scrap Searched 1 | . . 1 Spaces Dug . | . . . Terrain Destroyed 2 | . 2 . Melee . | . . . Projectile . | . . . AOE 2 | . 2 . Actions | -11 -10 -10 --------- Run | Scr Mat Min Total 623 | 132 443 48 Wait 43 | 2 36 5 Move 470 | 94 344 32 Hop . | . . . Pick Up 19 | 4 13 2 Fast Attach 4 | 2 2 . Attach 7 | 2 1 4 Detach . | . . . Swap 5 | . 4 1 Drop 13 | 5 6 2 Fire 62 | 23 37 2 Melee . | . . . Ram . | . . . Kick . | . . . Crush . | . . . Escape Stasis . | . . . Rewire . | . . . Trap . | . . . Miscellaneous . | . . . Route ------- -11/Scrapyard -10/Materials (discovered 3 exits: [*Mat x2] / [*Min]) -10/Mines History --------- Turn | Location | Event 19 | -11/Scrapyard | Discovered new exit (range 3) 154 | -11/Scrapyard | Entered Materials 286 | -10/Materials | Discovered new exit (range 15) 300 | -10/Materials | Build established: Mutant 378 | -10/Materials | Repaired Wheel 388 | -10/Materials | Discovered new exit (range 16) 564 | -10/Materials | Core integrity fell below 50% 613 | -10/Materials | Discovered new exit (range 5) 618 | -10/Materials | Entered Mines 653 | -10/Mines | Assisted by bots powering up and referring to "LRC-V3" 663 | -10/Mines | Core integrity fell below 20% 669 | -10/Mines | Destroyed by YI-UF0 with YI-UF0's Doublenader Last Messages --------------- 00627_ Acquired 20 matter. 00629_ K-01 Serf collects debris. 00630_ Acquired EM Pulse Gun. 00639_ YI-UF0 mumbles something. 00641_ K-01 Serf collects debris. 00650_ S-10 Pest destroyed. 00653_ YI-UF0 nonchalantly drops a Grenade Launcher on the ground. 00653_ YI-UF0: "Whaaaaaaaa!" 00657_ K-01 Serf collects debris. 00660_ EM Pulse Gun destroyed. 00660_ Ion Engine destroyed. 00660_ Wheel destroyed. 00661_ The unstable cave ceiling collapses. 00661_ K-01 Serf collects debris. 00662_ The unstable cave ceiling collapses. 00662_ EM Pulse Gun destroyed. 00666_ S-10 Pest destroyed. 00666_ K-01 Serf collects debris. 00667_ The unstable cave ceiling collapses. 00667_ Wheel destroyed. Map ----- +----------------------------------------------------+ | | | | | | | | | ??????????????????????????????????????????? | | ??????????????????????????????????????????? | | ??????????????????????????????????????????? | | ??????????????????????????????????????????? | | ??????????????????????????????????????????? | | ??????????????????????????????????????????? | | ??????????????????????????????????????????? | | ??????????????????????????????????????????? | | ??????????????????????????????????????????? | | ??????????????????????????????????????????? | | ??????????????????????????????????????????? | | ??????????????????????????????????????????? | | ??????????????????????????????????????????? | | ??????????????????????????????????????????? | | ??????????????????????????????????????????? | | ????????????#?????????????????????????????? | | ????????????# ??#########?????????????????? | | ???????#????# ### ##????????????????? | | ???????# ### ###??????????????? | | ???????# ???????????????? | | ??????## #??????????????????? | | ???# g @ #??????????????????? | | ?# [ #??????????????????? | | ?# [ ##?????????????????? | | ?? ##????????????????? | | ?? #### #???????????????? | | ??? #????## ##???????????????? | | ??? ??????# ##????????????????? | | ??? ???????# #?????????????????? | | ???? ?????????# #?????????????????? | | ????#????????### ###?????????????????? | | ????????????## #?????? #?????????? | | ????????????# k #### #?????????? | | ????????????# #????????? | | ????????????## #????????? | | ?????????????#### ####### ##????????? | | ????????????????#!k##??????? ##?????????? | | ????????????????#%!#?????????? #??????????? | | ???????????###### ####????????#??????????? | | ???????????# #???????????????????? | | ???????????# #???????????????????? | | ???????????# """ #???????????????????? | | ???????????# """ #???????????????????? | | ???????????# """ #???????????????????? | | ???????????# #???????????????????? | | ???????????############???????????????????? | +----------------------------------------------------+ Best States ------------- Heat Dissipation 25 Energy Generation 10 Energy Capacity 250 Matter Stores 300 Matter Capacity 300 Sight Range 16 Terrain Scan Range 16 Terrain Scan Density 10 Evasion (%) 44 Item Schematics ----------------- Hcp. Storage Unit | -10/Materials | Hacked Hcp. Battery | -10/Materials | Hacked Hcp. Matter Pod | -10/Materials | Hacked Robot Schematics ------------------ None Fabricated ------------ Nothing Alien Tech Used ----------------- None Achievements -------------- None Challenges ------------ None Game ------ Seed LinkedTerrabombDisintegrator Manual? 0 Play Time 00:11:14 Cumulative 229.9 hours Start 2020.06.22 @ 13:33:57 End 2020.06.22 @ 13:44:30 Sessions 1 Manual Loads 0 Difficulty Rogue Special Mode None Game No. 301 Rogue 290 Adventurer 11 Explorer 0 Win Type - Total 0 Types 0/0/0/0/0/0/0 Lore% 53 Gallery% 67 Achievement% 45 Wizard Run 0 Options --------- ASCII 0 Keyboard 1 Movement Numpad Keybinds 0 Fullscreen 1 Font 12/Terminus Map View 83x54 Tactical HUD 1 Map Filters NONE Filters NONE Steam 1 RUN: 36588759-468b-44f4-b23f-20245bb71192